 Dungeon Crawl Stone Soup version 0.28.0-45-g0d030f2227 (webtiles) character file.

Game seed: 15710071421591094865

134570 Peloso the Fencer (level 16, -10/152 HPs)
             Began as a Minotaur Fighter on Apr 8, 2022.
             Was the Champion of Okawaru.
             Mangled by a naga warrior
             ... wielding a +2 glaive of venom
              (53 damage)
             ... on level 2 of the Snake Pit.
             The game lasted 01:14:55 (36520 turns).

Peloso the Fencer (Minotaur Fighter)               Turns: 36520, Time: 01:14:56

Health: -10/152    AC: 32    Str: 31    XL:     16   Next: 62%
Magic:  9/16       EV: 14    Int:  8    God:    Okawaru [******]
Gold:   1456       SH: 25    Dex: 29    Spells: 16/16 levels left

rFire   + + .      SeeInvis +   a - +6 long sword "Fotipn" {holy, Will+ Int+3 Dex+4}
rCold   . . .      Faith    .   c - +1 tower shield of Nalirino {rPois Regen+}
rNeg    . . .      Spirit   .   F - +8 chain mail "Goagg" {rF+}
rPois   +          Reflect  .   (helmet restricted)
rElec   .          Harm     .   Z - +1 cloak {rF+}
rCorr   .          Rampage  .   Q - +2 pair of gloves
Will    ++...                   u - +2 pair of boots of the Assorted Ears {rPois Dex+3 SInv Stlth+}
Stlth   +++.......              (no amulet)
HPRegen 1.15/turn               m - ring of the King {Dex+6 Stlth+}
MPRegen 0.15/turn               R - +6 ring of strength

@: lethally poisoned (-10 -> -24), studying Maces & Flails
A: horns 2, retaliatory headbutt, agile 1, wild magic 1
a: Renounce Religion, Heroism, Finesse, Duel


You were on level 2 of the Snake Pit.
You worshipped Okawaru.
Okawaru was exalted by your worship.
You visited 5 branches of the dungeon, and saw 26 of its levels.
You also visited: Sewer, Ossuary, Bailey and Volcano.

You collected 2793 gold pieces.
You spent 1337 gold pieces at shops.

Inventory:

Hand Weapons
 a - the +6 long sword "Fotipn" (weapon) {holy, Will+ Int+3 Dex+4}
   (You found it on level 8 of the Dungeon)

   It has been blessed by the Shining One to cause great damage to the undead
   and demons.
   Int:       It affects your intelligence (+3).
   Dex:       It affects your dexterity (+4).
   Will:      It increases your willpower.
 b - a +0 scimitar of flaming
Armour
 c - the +1 tower shield of Nalirino (worn) {rPois Regen+}
   (Okawaru gifted it to you on level 6 of the Lair of Beasts)

   rPois:     It protects you from poison.
   Regen:     It increases your rate of health regeneration.
 i - a +1 pair of boots of flying
 u - the +2 pair of boots of the Assorted Ears (worn) {rPois Dex+3 SInv Stlth+}
   (Okawaru gifted it to you on level 2 of the Orcish Mines)

   Dex:       It affects your dexterity (+3).
   rPois:     It protects you from poison.
   SInv:      It lets you see invisible.
   Stlth:     It makes you more stealthy.
 F - the +8 chain mail "Goagg" (worn) {rF+}
   (You found it on level 5 of the Lair of Beasts)

   rF:        It protects you from fire.
 O - +0 fire dragon scales
 Q - a +2 pair of gloves (worn)
 Z - a +1 cloak of fire resistance (worn)
Jewellery
 h - a ring of protection from cold
 m - the ring of the King (left hand) {Dex+6 Stlth+}
   (You found it on level 2 of the Orcish Mines)

   [ring of dexterity]

   Dex:       It affects your dexterity (+6).
   Stlth:     It makes you more stealthy.
 n - an amulet of the acrobat
 R - a +6 ring of strength (right hand)
Wands
 w - a wand of mindburst (4)
 I - a wand of digging (11)
 N - a wand of paralysis (8)
Scrolls
 e - a scroll of enchant armour
 g - 5 scrolls of magic mapping
 j - 3 scrolls of fear
 k - a scroll of amnesia
 l - 6 scrolls of teleportation
 s - 5 scrolls of noise
 B - 6 scrolls of immolation
 D - 3 scrolls of blinking
 G - a scroll of silence {unknown}
 H - 6 scrolls of vulnerability {unknown}
 K - 7 scrolls of fog
 L - 4 scrolls of acquirement
Potions
 d - 2 potions of might
 f - 2 potions of resistance
 o - 2 potions of haste
 p - 2 potions of mutation
 v - 9 potions of curing
 z - a potion of berserk rage {unknown}
 E - 4 potions of heal wounds
 S - a potion of flight {unknown}
 T - 3 potions of degeneration
 W - 4 potions of brilliance {unknown}
Miscellaneous
 P - a tin of tremorstones (2/2)


   Skills:
 + Level 16.3 Fighting
 + Level 1.1(10.8) Short Blades
 + Level 18.0 Long Blades
 + Level 1.2(1.7) Axes
 + Level 1.2(1.7) Maces & Flails
 + Level 1.2(1.7) Polearms
 + Level 1.2(1.7) Staves
 + Level 1.1(1.6) Slings
 + Level 1.1 Bows
 + Level 1.1 Crossbows
 + Level 1.6(1.8) Throwing
 + Level 17.1 Armour
 + Level 7.0 Dodging
 + Level 5.0 Stealth
 + Level 16.5 Shields
 + Level 1.3 Unarmed Combat
 + Level 0.5 Spellcasting
 + Level 0.6 Conjurations
 + Level 0.5 Hexes
 + Level 1.1 Summonings
 + Level 0.6 Necromancy
 + Level 0.6 Translocations
 + Level 0.7 Transmutations
 + Level 0.6 Fire Magic
 + Level 0.6 Ice Magic
 + Level 0.6 Air Magic
 + Level 0.7 Earth Magic
 + Level 0.6 Poison Magic
 + Level 2.2 Invocations
 + Level 3.3 Evocations


You had 16 spell levels left.
You didn't know any spells.
Your spell library contained the following spells:

 Spells                   Type           Power      Damage    Failure   Level
 Apportation              Tloc           2%         N/A       98%         1
 Foxfire                  Conj/Fire      4%         2x1d4     98%         1
 Magic Dart               Conj           4%         1d3       98%         1
 Pain                     Necr           4%         1d4       98%         1
 Slow                     Hex            4%         N/A       98%         1
 Blink                    Tloc           2%         N/A       99%         2
 Static Discharge         Conj/Air       1%         N/A       99%         2
 Confusing Touch          Hex            1%         N/A       100%        3
 Conjure Flame            Conj/Fire      1%         6-21      100%        3
 Ignite Poison            Fire/Tmut/Pois 1%         N/A       100%        3
 Inner Flame              Hex/Fire       1%         N/A       100%        3
 Lesser Beckoning         Tloc           1%         N/A       100%        3
 Mephitic Cloud           Conj/Pois/Air  1%         N/A       100%        3
 Vampiric Draining        Necr           1%         2d6       100%        3
 Dispel Undead            Necr           1%         3d6       100%        4
 Flame Wave               Conj/Fire      1%         2d4       100%        4
 Sticky Flame             Conj/Fire      1%         2d3       100%        4
 Alistair's Intoxication  Tmut/Pois      0%         N/A       100%        5
 Borgnjor's Vile Clutch   Necr/Erth      0%         N/A       100%        5
 Freezing Cloud           Conj/Ice/Air   0%         6-21      100%        5
 Manifold Assault         Tloc           1%         N/A       100%        5
 Eringya's Noxious Bog    Tmut/Pois      0%         N/A       100%        6
 Orb of Destruction       Conj           0%         9d5       100%        7
 Summon Small Mammal      Summ           Unusable   N/A       N/A         1
 Animate Skeleton         Necr           Unusable   N/A       N/A         1
 Call Imp                 Summ           Unusable   N/A       N/A         2
 Summon Guardian Golem    Hex/Summ       Unusable   N/A       N/A         3
 Spellforged Servitor     Conj/Summ      Unusable   N/A       N/A         7

Dungeon Overview and Level Annotations

Branches:
Dungeon (15/15)            Temple (1/1) D:7            Lair (6/6) D:8
 Shoals (0/4) Lair:2        Snake (2/4) Lair:2        Slime (0/5) Lair:5
    Orc (2/2) D:10            Elf (0/3) Orc:2        Vaults (0/5) D:13
 Depths (0/4) D:15          Sewer (visited)         Ossuary (visited)
 Bailey (visited)         Volcano (visited)

Altars:
Fedhas
Gozag
Makhleb
Okawaru
Ru
Sif Muna
Trog
Yredelemnul
Zin
Beogh

Shops:
D:5 !   Orc:2 ([((   Snake:1 ?

Portals:
Hell: Lair:6

Annotations:
Orc:2 Casa


Innate Abilities, Weirdness & Mutations

You have a pair of horns on your head.
You reflexively headbutt those who attack you in melee.
You are agile. (Dex +2)
Your spells are a little harder to cast, but a little more powerful.


Message History

You block the human's attack.
Unknown command.
You closely miss the human. You headbutt the human!
The human is severely wounded.
The naga sharpshooter gestures wildly while chanting.
You block the human's attack.
The naga warrior roars a battlecry!
The naga goes into a battle-frenzy!
Unknown command.
You slice the human!!
You kill the human!
That felt strangely unrewarding.
The naga mage no longer looks unusually strong.
You block the black mamba's attack.
The naga sharpshooter mumbles some strange words.
The naga sharpshooter magically shoots an arrow.
You block the arrow.
The black mamba bites you but does no damage.
You hit the black mamba.
The black mamba is lightly wounded.
The naga sharpshooter no longer looks unusually strong.
The black mamba bites you but does no damage.
The naga mage gestures at the naga sharpshooter while chanting.
The naga sharpshooter seems to grow toxic.
You block the black mamba's attack.
You slice the black mamba!!
The black mamba is heavily wounded.
The black mamba bites you but does no damage.
You block the black mamba's attack. You block the naga warrior's attack.
You closely miss the black mamba.
The black mamba is heavily wounded.
You block the black mamba's attack. x2
The naga warrior hits you from afar with a +2 glaive of venom!!
You are poisoned.
You slash the black mamba!
The black mamba is almost dead.
You feel very sick. You block the black mamba's attack. x3
The naga warrior hits you from afar with a +2 glaive of venom!!!
You die...

##### ###...# #.....#
#.....###### #
####...####...###
#..##N##†..†)........)))
...NNpS@...##........###
#..NNp##...##......###
...NN ######....### ...N
###### ..N # .. # . # #
#


You could see 2 naga warriors, a naga sharpshooter (strong, curare), a
salamander (strong), a black mamba (fast, curare), 2 naga magi, 2 humans and 3
nagas.

Vanquished Creatures
  Saint Roka (Orc:2)
  Nikola (Snake:1)
  Kirke (Snake:2)
  An azure jelly (Lair:6)
  Donald (Snake:1)
  The ghost of Ciageutz the Thaumaturge, a journeyman GnWz of Sif Muna (Snake:1)
  A stone giant (D:15)
  The ghost of crompyre the Bludgeoner, a journeyman GrFi of Hepliaklqana (Orc:2)
  An ettin (D:13)
  Snorg (D:13)
  A fire dragon (D:14)
  2 catoblepae
  4 naga warriors
  A rakshasa (D:15)
  8 hydras
  4 boulder beetles
  2 vault guards (D:13)
  An ogre mage (D:13)
  2 anacondas
  2 centaur warriors (D:13)
  A death knight (D:12)
  8 tengu warriors
  5 two-headed ogres
  6 death yaks (Lair:5)
  2 naga sharpshooters (Snake:1)
  Sonja (Orc:1)
  3 shock serpents
  A sun demon (Lair:6)
  3 skeletal warriors (D:13)
  3 salamander mystics
  2 naga ritualists
  2 wizards
  A deep elf archer (Volcano)
  10 deep elf pyromancers
  4 orc knights
  10 mana vipers
  An ugly thing (D:13)
  6 salamanders (Snake:1)
  A manticore (D:13)
  A moth of wrath (Snake:1)
  5 centaur zombies
  4 cyclopes
  10 elephants
  2 naga magi (Snake:1)
  10 black mambas
  An ice statue (D:15)
  18 cane toads
  A torpor snail (Lair:6)
  2 unseen horrors
  2 gargoyles (D:13)
  2 kobold demonologists (D:11)
  Maggie (D:6)
  6 rime drakes
  3 freezing wraiths
  3 yaktaurs (D:15)
  13 komodo dragons
  2 red devils (Lair:6)
  4 ice devils
  2 tengu conjurers
  6 trolls
  3 meliai (D:14)
  4 polar bears
  Prince Ribbit (D:6)
  12 blink frogs
  3 slime creatures (Lair:6)
  A blink frog (shapeshifter) (D:14)
  A snapping turtle (Lair:2)
  Grinder (D:5)
  2 centaur simulacra (D:15)
  Sigmund (D:6)
  A shadow (D:9)
  8 wyverns
  49 yaks
  5 fire elementals (Volcano)
  3 wraiths
  2 humans
  7 basilisks
  A steam dragon (D:7)
  6 neqoxecs (Orc:2)
  10 vampire mosquitoes
  A warg (Orc:2)
  An acid dragon (D:12)
  21 nagas
  9 hell hounds
  Duvessa (D:5)
  17 water moccasins
  50 orc warriors
  A black bear (D:7)
  8 ice beasts (D:15)
  7 ogres
  4 wolves (Lair:4)
  5 necrophages
  A centaur (D:10)
  5 kobold brigands
  A phantom (D:6)
  8 bullfrogs
  4 scorpions
  A wyvern zombie (D:8)
  A gnoll sergeant (D:11)
  3 water moccasin zombies (D:6)
  A water moccasin skeleton (D:6)
  Dowan (D:5)
  A troll skeleton (D:11)
  17 killer bees
  9 wights
  2 electric eels
  4 howler monkeys
  5 spriggan skeletons (D:11)
  2 crimson imps
  3 quasits (Orc:2)
  A bullfrog skeleton (D:7)
  20 orc priests
  A hound (D:7)
  7 jellies
  3 centaur skeletons
  A gnoll shaman (D:7)
  7 iguanas
  22 orc wizards
  2 hell rats (Lair:3)
  A killer bee zombie (D:6)
  A hound zombie (D:5)
  A mummy (D:12)
  3 howler monkey zombies
  4 adders
  9 gnolls
  10 river rats (Lair:3)
  3 white imps
  An ufetubus (D:4)
  An adder skeleton (D:4)
  An adder zombie (Ossuary)
  5 worms
  3 dart slugs
  102 orcs
  7 endoplasms
  7 giant cockroaches
  7 goblins
  11 hobgoblins
  8 jackals
  4 quokkas
  11 ball pythons
  2 ball python skeletons (Ossuary)
  8 bats
  12 frilled lizards
  2 hobgoblin skeletons (Ossuary)
  28 kobolds
  3 kobold zombies (Ossuary)
  10 rats
849 creatures vanquished.

Vanquished Creatures (others)
  A smoke demon (Lair:6)
  A human (Snake:2)
  A naga (Snake:1)
  15 fungi
  27 plants
  6 toadstools (D:1)
  A withered plant (D:12)
52 creatures vanquished.

Grand Total: 901 creatures vanquished

Notes
Turn   | Place    | Note
-------+----------+-------------------------------------------
     0 | D:1      | Peloso the Minotaur Fighter began the quest for the Orb.
     0 | D:1      | Reached XP level 1. HP: 19/19 MP: 0/0
   191 | D:1      | Reached XP level 2. HP: 27/27 MP: 1/1
   259 | D:1      | Found a faded altar of an unknown god.
   478 | D:1      | Reached skill level 3 in Long Blades
   568 | D:1      | Reached XP level 3. HP: 29/33 MP: 2/2
  1232 | D:2      | Reached XP level 4. HP: 37/41 MP: 3/3
  2000 | D:3      | Noticed a water moccasin
  2006 | D:3      | Killed a water moccasin
  2007 | D:3      | Reached skill level 4 in Long Blades
  2007 | D:3      | Reached skill level 1 in Dodging
  2007 | D:3      | Reached XP level 5. HP: 23/47 MP: 4/4
  2055 | D:3      | Reached skill level 5 in Armour
  2342 | D:3      | Found a glowing drain.
  2351 | Sewer    | Entered a sewer
  3315 | D:4      | Noticed an ogre
  3322 | D:4      | Killed an ogre
  3323 | D:4      | Reached skill level 5 in Long Blades
  3323 | D:4      | Reached XP level 6. HP: 55/55 MP: 5/5
  3346 | D:4      | Found a sacrificial altar of Ru.
  3460 | D:4      | Found a basalt altar of Yredelemnul.
  4028 | D:5      | Entered Level 5 of the Dungeon
  4163 | D:5      | Reached XP level 7. HP: 7/60 MP: 6/6
  4437 | D:5      | Reached skill level 5 in Fighting
  4583 | D:5      | Noticed Grinder
  4602 | D:5      | Killed Grinder
  4603 | D:5      | Reached skill level 6 in Long Blades
  4603 | D:5      | Reached skill level 5 in Shields
  4968 | D:5      | Found Cituiv's Distillery.
  4973 | D:5      | Bought a potion of curing for 39 gold pieces
  4977 | D:5      | Noticed Duvessa
  4977 | D:5      | Noticed Dowan
  5006 | D:5      | Killed Duvessa
  5014 | D:5      | Killed Dowan
  5316 | D:5      | Reached XP level 8. HP: 58/69 MP: 7/7
  5615 | D:6      | Reached skill level 7 in Long Blades
  5658 | D:6      | Noticed Prince Ribbit
  5678 | D:6      | Killed Prince Ribbit
  5778 | D:6      | Reached skill level 1 in Evocations
  5780 | D:6      | Reached skill level 8 in Long Blades
  5806 | D:6      | Found a sand-covered staircase.
  5820 | Ossuary  | Entered an ossuary
  5924 | Ossuary  | Noticed a flying skull
  5935 | Ossuary  | Noticed a flying skull
  5960 | Ossuary  | Noticed a flying skull
  5966 | Ossuary  | Noticed a flying skull
  6014 | Ossuary  | Noticed a flying skull
  6108 | Ossuary  | Reached skill level 9 in Long Blades
  6108 | Ossuary  | Reached XP level 9. HP: 67/78 MP: 8/8
  6411 | D:6      | Noticed Maggie
  6423 | D:6      | HP: 3/78 [Maggie/bolt of acid (27)]
  6436 | D:6      | Killed Maggie
  6462 | D:6      | Reached skill level 10 in Long Blades
  6493 | D:6      | Noticed Sigmund
  6805 | D:6      | Killed Sigmund
  7181 | D:6      | Found a burning altar of Makhleb.
  7336 | D:5      | Bought 2 potions of heal wounds for 130 gold pieces
  7399 | D:7      | Noticed a two-headed ogre
  7407 | D:7      | Killed a two-headed ogre
  7408 | D:7      | Reached skill level 11 in Long Blades
  7734 | D:7      | Found an opulent altar of Gozag.
  7871 | D:7      | Identified the +6 dagger "Doef" {flame, Dex+4}
  8114 | D:7      | Found a staircase to the Ecumenical Temple.
  8161 | Temple   | Entered the Ecumenical Temple
  8202 | Temple   | Became a worshipper of Warmaster Okawaru
  8406 | D:7      | Reached XP level 10. HP: 61/88 MP: 9/9
  8420 | D:7      | Reached skill level 12 in Long Blades
  8718 | D:7      | Reached * piety under Okawaru
  9094 | D:7      | Reached skill level 1 in Stealth
  9261 | D:8      | Reached ** piety under Okawaru
  9262 | D:8      | Reached skill level 10 in Armour
  9530 | D:8      | Found a staircase to the Lair.
  9592 | D:8      | Identified the +6 long sword "Fotipn" {holy, Will+ Int+3
                  | Dex+4}
  9633 | D:8      | Reached *** piety under Okawaru
  9648 | D:8      | Reached skill level 13 in Long Blades
  9856 | D:8      | Reached XP level 11. HP: 86/97 MP: 10/10
  9900 | D:8      | Noticed a two-headed ogre
  9915 | D:8      | Killed a two-headed ogre
  9915 | D:8      | Reached **** piety under Okawaru
 10183 | D:8      | Noticed a two-headed ogre
 10191 | D:8      | Killed a two-headed ogre
 10765 | D:9      | Found a flagged portal.
 10772 | Bailey   | Entered a bailey
 11093 | Bailey   | Reached skill level 10 in Fighting
 11548 | Bailey   | Noticed an orc knight
 11562 | Bailey   | Killed an orc knight
 11562 | Bailey   | Reached ***** piety under Okawaru
 11563 | Bailey   | Reached skill level 14 in Long Blades
 12096 | D:9      | Received a gift from Okawaru
 13181 | D:10     | Entered Level 10 of the Dungeon
 13459 | D:10     | Noticed a two-headed ogre
 13467 | D:10     | Killed a two-headed ogre
 13569 | D:10     | Noticed a two-headed ogre
 13586 | D:10     | Killed a two-headed ogre
 13724 | D:10     | Found a staircase to the Orcish Mines.
 13755 | D:10     | Noticed a wizard
 13774 | D:10     | Killed a wizard
 14309 | D:10     | Reached skill level 1 in Short Blades
 14309 | D:10     | Reached skill level 1 in Axes
 14309 | D:10     | Reached skill level 1 in Maces & Flails
 14309 | D:10     | Reached skill level 1 in Polearms
 14309 | D:10     | Reached skill level 1 in Staves
 14309 | D:10     | Reached skill level 1 in Slings
 14309 | D:10     | Reached skill level 1 in Bows
 14309 | D:10     | Reached skill level 1 in Crossbows
 14309 | D:10     | Reached skill level 1 in Throwing
 14309 | D:10     | Reached skill level 1 in Unarmed Combat
 14309 | D:10     | Reached skill level 1 in Summonings
 14309 | D:10     | Reached skill level 1 in Invocations
 14309 | D:10     | Reached XP level 12. HP: 108/108 MP: 11/11
 14334 | D:11     | Received a gift from Okawaru
 14379 | D:11     | Reached XP level 13. HP: 115/116 MP: 11/13
 14824 | D:11     | Received a gift from Okawaru
 15460 | Lair:1   | Entered Level 1 of the Lair of Beasts
 16452 | Lair:1   | Received a gift from Okawaru
 16868 | Lair:2   | Found a staircase to the Snake Pit.
 17167 | Lair:2   | Found a staircase to the Shoals.
 18178 | Lair:3   | Reached skill level 15 in Long Blades
 19077 | Lair:3   | Identified the +1 scale mail "Teolerr" {Fly rF+ Dex+4}
                  | (Okawaru gifted it to you on level 3 of the Lair of Beasts)
 19077 | Lair:3   | Received a gift from Okawaru
 20150 | Lair:4   | Reached skill level 5 in Dodging
 21593 | Orc:1    | Entered Level 1 of the Orcish Mines
 21811 | D:10     | Reached skill level 15 in Armour
 22177 | Orc:1    | Noticed Sonja
 22184 | Orc:1    | Killed Sonja
 22185 | Orc:1    | Reached XP level 14. HP: 127/127 MP: 14/14
 22327 | Orc:2    | Entered Level 2 of the Orcish Mines
 22353 | Orc:2    | Found a dark tunnel.
 22362 | Volcano  | Entered a volcano
 22388 | Volcano  | Reached skill level 10 in Shields
 23213 | Orc:2    | Found Wuibuu's Antique Weapon Shop.
 23324 | Orc:2    | Found a staircase to the Elven Halls.
 23440 | Orc:2    | Found Meti Zesk's Antique Weapon Shop.
 24015 | Orc:2    | Received a gift from Okawaru
 24040 | Orc:2    | Noticed Saint Roka
 24369 | Orc:2    | Found a transporter.
 24372 | Orc:2    | Noticed crompyre's ghost (journeyman GrFi)
 24433 | Orc:2    | Killed Saint Roka
 24433 | Orc:2    | Received a gift from Okawaru
 24872 | Orc:2    | Found Ammiot's Antique Weapon Boutique.
 24884 | Orc:2    | Found Qiaveri's Antique Armour Shop.
 25078 | Orc:2    | Found a transporter.
 25807 | Orc:2    | Gained mutation: You have hidden genetic defects. [a
                  | neqoxec]
 25810 | Orc:2    | Gained mutation: You have a pair of large horns on your
                  | head. [a neqoxec]
 25831 | Orc:2    | Gained mutation: You are clumsy. (Dex -2) [a neqoxec]
 25856 | Orc:2    | Killed crompyre's ghost
 25856 | Orc:2    | Identified the +2 pair of boots of the Assorted Ears {rPois
                  | Dex+3 SInv Stlth+} (Okawaru gifted it to you on level 2 of
                  | the Orcish Mines)
 25856 | Orc:2    | Received a gift from Okawaru
 25862 | Orc:2    | Lost mutation: You are clumsy. (Dex -2) [potion of
                  | mutation]
 25862 | Orc:2    | Lost mutation: You have hidden genetic defects. [potion of
                  | mutation]
 25862 | Orc:2    | Lost mutation: You have a pair of large horns on your head.
                  | [potion of mutation]
 25862 | Orc:2    | Gained mutation: You occasionally shout uncontrollably at
                  | your foes. [potion of mutation]
 25862 | Orc:2    | Gained mutation: You are partially covered in iridescent
                  | scales. (AC +2) [potion of mutation]
 25863 | Orc:2    | Lost mutation: You occasionally shout uncontrollably at
                  | your foes. [potion of mutation]
 25863 | Orc:2    | Lost mutation: You are partially covered in iridescent
                  | scales. (AC +2) [potion of mutation]
 25863 | Orc:2    | Gained mutation: You are agile. (Dex +2) [potion of
                  | mutation]
 25863 | Orc:2    | Gained mutation: Your spells are a little harder to cast,
                  | but a little more powerful. [potion of mutation]
 25871 | Orc:2    | Got the ring of the King {Dex+6 Stlth+}
 26109 | Orc:1    | Reached skill level 16 in Long Blades
 27961 | D:12     | Identified the +1 ring mail "Wuckiyga" {rF+ rN+ Regen+}
 28899 | Lair:5   | Found a staircase to the Slime Pits.
 29251 | Lair:5   | Identified the +8 chain mail "Goagg" {rF+}
 29518 | Lair:6   | Entered Level 6 of the Lair of Beasts
 29570 | Lair:6   | Reached XP level 15. HP: 100/139 MP: 15/15
 29835 | Lair:6   | Noticed an azure jelly
 29843 | Lair:6   | Killed an azure jelly
 30030 | Lair:6   | Reached skill level 15 in Fighting
 30191 | Lair:6   | Reached ****** piety under Okawaru
 30312 | Lair:6   | Identified the +1 tower shield of Nalirino {rPois Regen+}
                  | (Okawaru gifted it to you on level 6 of the Lair of Beasts)
 30312 | Lair:6   | Received a gift from Okawaru
 30636 | Lair:6   | Found a burning altar of Makhleb.
 30653 | Lair:6   | Reached skill level 17 in Long Blades
 30775 | Lair:6   | Found a gateway to Hell.
 30775 | Lair:6   | Found the +8 Vampire's Tooth {vamp}
 31346 | D:13     | Noticed Snorg
 31364 | D:13     | Killed Snorg
 31841 | D:13     | Found a gate to the Vaults.
 32377 | D:14     | Received a gift from Okawaru
 32752 | D:15     | Entered Level 15 of the Dungeon
 33487 | D:15     | Found a staircase to the Depths.
 33499 | D:15     | Reached XP level 16. HP: 142/150 MP: 16/16
 34875 | Snake:1  | Entered Level 1 of the Snake Pit
 34964 | Snake:1  | Found Lipnat's Magic Scroll Emporium.
 34970 | Snake:1  | Reached skill level 5 in Stealth
 35013 | Snake:1  | Bought a scroll of acquirement for 988 gold pieces
 35013 | Snake:1  | Bought a scroll of fog for 38 gold pieces
 35013 | Snake:1  | Bought a scroll of enchant armour for 142 gold pieces
 35089 | Snake:1  | Noticed Donald
 35110 | Snake:1  | Killed Donald
 35110 | Snake:1  | Received a gift from Okawaru
 35265 | Snake:1  | Reached skill level 15 in Shields
 35396 | Snake:1  | Found a transporter.
 35408 | Snake:1  | Noticed Nikola
 35409 | Snake:1  | Noticed Ciageutz's ghost (journeyman GnWz)
 35411 | Snake:1  | Found a bloodstained altar of Trog.
 35431 | Snake:1  | Killed Nikola
 35454 | Snake:1  | Found a transporter.
 36137 | Snake:1  | Killed Ciageutz's ghost
 36164 | Snake:1  | Identified the +7 trident "Gudwegra" {flame, rElec rF-
                  | Int+5}
 36460 | Snake:2  | Noticed Kirke
 36462 | Snake:2  | Noticed a sphinx
 36495 | Snake:2  | Killed Kirke
 36511 | Snake:2  | Reached skill level 18 in Long Blades
 36520 | Snake:2  | Mangled by a naga warrior

Illustrated notes

Levels and vault maps discovered:
D:1:      psy_arrival_terrarium, layout_basic,
          shapermc_ecumenical_altar_notcrosses, minmay_gold_behind_fungi
D:2:      layout_rooms, minmay_unequal
D:3:      layout_basic, cheibrodos_sewer_entry_bend, st_stairs_11
D:4:      layout_loops_ring, lemuel_doored_altar,
          nicolae_ru_sacrificial_ziggurat, minmay_misc_feat_columns,
          grunt_ministairs_11
D:5:      layout_loops_ring, serial_shops, shop, minmay_misc_feat_enclosed,
          uniq_duvessa, uniq_grinder
D:6:      layout_loops_ring, makhleb_grotto_becter, nicolae_ossuary_entry_plus,
          kennysheep_generic_room_16, uniq_maggie, uniq_sigmund,
          uniq_prince_ribbit1
D:7:      layout_rooms, lemuel_crystal_altar, lemuel_temple_firewalk_b
D:8:      layout_loops_ring, minmay_lair_entry_grove, special_room
          [special_room_orc], ebering_dispersal_statue_hall, nrook_campfire,
          minmay_circle_x
D:9:      layout_loops_corners, enter_bailey_3, roderic_serpentine_path,
          hangedman_abyss_or_decor_jellyfish_corner
D:10:     nicolae_cairo_tiling_large, layout_basic, lightli_wizard_tower
D:11:     layout_small_grid, hangedman_tell_no_tales
D:12:     layout_irregular_city, serial_undead, serial_undead_b,
          serial_undead_b, serial_undead_d, serial_undead_b
D:13:     layout_roguey, grunt_vaults_entry_fortified, kennysheep_just_a_vault,
          uniq_snorg
D:14:     layout_loops_ring, kennysheep_doodads
D:15:     grunt_enter_depths_snipers, layout_small_grid, ice2_lemuel
Temple:   dpeg_five_rooms_temple
Lair:1:   layout_loops_ring
Lair:2:   layout_chaotic_city, minmay_shoals_entry_hut,
          guppyfry_snake_entry_island
Lair:3:   layout_cave_pods, nicolae_quartered_pool_impasse, kennysheep_rathole,
          grunt_megastairs_5, lemuel_fruit_fields, serial_bayou_shore_a
Lair:4:   hellmonk_ruined_rings, layout_cave_pods
Lair:5:   layout_loops_ring, nicolae_slime_entry_slimehenge
Lair:6:   evil_forest, layout_long_grid, nicolae_lair_time_for_slime,
          lemuel_fruit_tree
Snake:1:  layout_cave_pods, gammafunk_ghost_wrathful_warriors, serial_shops,
          shop_fountains, uniq_nikola, uniq_donald
Snake:2:  layout_misc_corridors, uniq_kirke
Orc:1:    layout_caves, uniq_sonja
Orc:2:    grunt_orc_community_town_hall, layout_caves,
          grunt_orc_community_big_house_2, grunt_orc_community_big_house_2,
          grunt_orc_community_house_2, grunt_orc_community_house_1,
          grunt_orc_community_house_1, grunt_orc_community_house_2,
          gammafunk_ghost_stat_death, enter_volcano_2

Skill      XL: |  1  2  3  4  5  6  7  8  9 10 11 12 13 14 15 16 |
---------------+-------------------------------------------------+-----
Fighting       | 4 5 6 7 9 10 11 12 14 15 16 | 16.3
Armour         | 4 5 6 7 9 11 12 15 16 17 | 17.1
Long Blades    | 3 4 5 6 9 11 13 14 15 16 17 18 | 18.0
Shields        | 4 5 6 7 9 11 14 16 | 16.5
Dodging        | 1 2 3 4 5 6 7 |  7.0
Evocations     | 1 3 |  3.3
Stealth        | 1 3 4 5 |  5.0
Short Blades   | 1 |  1.1
Axes           | 1 |  1.2
Maces & Flails | 1 |  1.2
Polearms       | 1 |  1.2
Staves         | 1 |  1.2
Slings         | 1 |  1.1
Bows           | 1 |  1.1
Crossbows      | 1 |  1.1
Throwing       | 1 |  1.6
Unarmed Combat | 1 |  1.3
Summonings     | 1 |  1.1
Invocations    | 1 2 |  2.2
Spellcasting   | |  0.5
Conjurations   | |  0.6
Hexes          | |  0.5
Necromancy     | |  0.6
Translocations | |  0.6
Transmutations | |  0.7
Fire Magic     | |  0.6
Ice Magic      | |  0.6
Air Magic      | |  0.6
Earth Magic    | |  0.7
Poison Magic   | |  0.6

Action                   |  1- 3 |  4- 6 |  7- 9 | 10-12 | 13-15 | 16-18 || total
-------------------------+-------+-------+-------+-------+-------+-------++-------
Melee: Long sword        |    98 |   162 |   160 |   311 |  1563 |   388 ||  2682
       Headbutt          |    13 |    24 |    43 |    93 |   436 |   108 ||   717
       Scimitar          |       |       |    51 |   104 |   125 |       ||   280
Throw: Throwing net      |       |       |       |       |     1 |       ||     1
Invok: Heroism           |       |       |       |     4 |    11 |     6 ||    21
Evoke: Wand              |       |       |     7 |    15 |     5 |       ||    27
  Use: Potion            |       |     2 |     8 |     2 |     7 |     3 ||    22
       Scroll            |       |     5 |     3 |     2 |    10 |     1 ||    21
 Stab: Paralysed         |       |       |       |       |     3 |       ||     3
       Held in net/web   |       |       |       |       |     2 |       ||     2
       Invisible         |       |       |       |       |     8 |       ||     8
       Sleeping          |       |       |       |       |    10 |     3 ||    13
       Distracted        |       |       |       |       |     1 |       ||     1
Armor: Scale mail        |    62 |    77 |       |       |       |       ||   139
       Chain mail        |       |     5 |    74 |    92 |   301 |    96 ||   568
       Plate armour      |       |       |       |    81 |   566 |       ||   647
Dodge: Dodged            |    61 |    74 |    62 |   172 |   722 |   118 ||  1209
Block: Buckler           |    41 |    51 |    37 |    87 |   478 |       ||   694
       Tower shield      |       |       |       |       |   523 |   500 ||  1023
